 Dungeon Crawl Stone Soup version 0.25.0-46-gbd7b0854d2 (webtiles) character file.

Game seed: 6417281618496811676

1439 DerDa the Thaumaturge (level 8, -1/52 HPs)
             Began as a Mummy Wizard on July 16, 2020.
             Was an Initiate of Sif Muna.
             Slain by an ice beast (2 damage)
             ... on level 7 of the Dungeon.
             The game lasted 00:19:03 (8118 turns).

DerDa the Thaumaturge (Mummy Wizard)                Turns: 8118, Time: 00:19:04

Health: -1/52      AC:  7    Str: 10    XL:     8   Next: 45%
Magic:  10/21      EV: 11    Int: 20    God:    Sif Muna [......]
Gold:   281        SH:  0    Dex: 10    Spells: 18/26 levels left

rFire    x . .     SeeInvis .   a - +1 short sword (venom)
rCold    + . .     Gourm    .   (no shield)
rNeg     + + +     Faith    .   l - +3 leather armour
rPois    ∞         Spirit   .   b - +0 hat
rElec    .         Reflect  .   (no cloak)
rCorr    .         Harm     .   q - +0 pair of gloves
MR       +....                  (no boots)
Stlth    ++........             (no amulet)
HPRegen  0.17/turn              c - ring of wizardry
MPRegen  0.17/turn              i - ring of stealth

@: no status effects
A: no food or potions, fire vulnerability, cold resistance 1, negative energy
resistance 3, torment resistance, unbreathing
a: Renounce Religion


You were on level 7 of the Dungeon.
You worshipped Sif Muna.
Sif Muna was noncommittal.
You were not hungry.

You visited 1 branch of the dungeon, and saw 7 of its levels.
You also visited: Sewer.

You collected 281 gold pieces.

Inventory:

Hand Weapons
 a - a +1 short sword of venom (weapon)
 d - a +0 hunting sling
 k - a +1 vampiric whip
 m - a +0 spear of venom
 t - a +0 hand crossbow
Missiles
 e - 243 stones (quivered)
 g - 17 sling bullets
 n - 23 poisoned darts
 u - 22 bolts
Armour
 b - a +0 hat (worn)
 l - a +3 leather armour (worn)
 q - a +0 pair of gloves (worn)
Jewellery
 c - a ring of wizardry (left hand)
 i - a ring of stealth (right hand)
Wands
 s - a wand of random effects (12)
Scrolls
 f - a scroll of amnesia {unknown}
 h - 5 scrolls of teleportation
 j - 5 scrolls of fear
 o - a scroll of immolation
 p - a scroll of enchant armour
 r - 2 scrolls of remove curse
 v - a scroll of magic mapping {unknown}


   Skills:
 - Level 1.5 Dodging
 - Level 1.5 Stealth
 * Level 9.7 Spellcasting
 * Level 6.2 Conjurations
 - Level 0.7 Summonings
 - Level 0.7 Translocations


You had 18 spell levels left.
You knew the following spells:

 Your Spells              Type           Power        Failure   Level  Hunger
a - Magic Dart            Conj           ####         1%          1    N/A
b - Mephitic Cloud        Conj/Pois/Air  ###.....     4%          3    N/A
c - Call Imp              Summ           ##......     4%          2    N/A
q - Blink                 Tloc           N/A          4%          2    N/A

Your spell library contained the following spells:

 Spells                   Type           Power        Failure   Level  Hunger
 Conjure Flame            Conj/Fire      ###.....     3%          3    N/A
 Slow                     Hex            #.......     6%          2    N/A

Dungeon Overview and Level Annotations

Branches:
Dungeon (7/15)              Sewer (visited)
 Temple: D:4-7

Altars:
Cheibriados
Fedhas
Nemelex Xobeh
Okawaru
Ru
Sif Muna
Uskayaw
The Shining One


Innate Abilities, Weirdness & Mutations

You do not eat or drink.
Your flesh is vulnerable to fire.
You are immune to poison.
Your flesh is cold resistant. (rC+)
You are immune to negative energy. (rN+++)
You are immune to unholy pain and torment.
You can survive without breathing.


Message History

The orc wizard closely misses you.
Your crimson imp barely misses the ice beast.
Your white imp hits the ice beast but does no damage.
You hit the ice beast but do no damage.
The ice beast is lightly wounded.
The ice beast completely misses you.
Your crimson imp hits the ice beast but does no damage.
Your white imp hits the ice beast but does no damage.
Unknown command.
You hit the ice beast.
The ice beast is moderately wounded.
The ice beast hits you.
* * * LOW HITPOINT WARNING * * *
The ice beast freezes you! You resist.
* * * LOW HITPOINT WARNING * * *
The orc wizard closely misses you.
Your crimson imp hits the ice beast but does no damage.
Your white imp closely misses the ice beast.
The ice beast hits you.
You die...

♣.♣.♣...#........
###.......♣.♣....#........
.......#...♣...#.#........
..........................
..).........##.###........
.........# #.# #<.......
.........# ###5###########
.........# #.Y5.#
...o.o...# #@#..#
.........###o#..#
.........o...#..#
........{#####..#
.........# #..# .........#
#..# ...†.....# #..#
..†..##... .... #.##


You could see an ice beast, an orc wizard (confused), a friendly crimson imp
(summoned) and a friendly white imp (summoned).

Vanquished Creatures
  A sky beast (D:6)
  An orc warrior (D:7)
  An ice beast (D:5)
  A phantom (D:4)
  An ogre (D:4)
  A centaur (D:5)
  A big kobold (Sewer)
  2 bullfrogs (D:6)
  A wyvern skeleton (D:6)
  A scorpion (D:5)
  A crimson imp (D:5)
  An orc priest (D:6)
  3 hounds
  3 orc wizards (D:6)
  3 worker ants
  3 gnolls (D:6)
  11 adders
  2 river rats (Sewer)
  4 oozes
  7 worms
  5 dart slugs
  6 leopard geckos
  11 orcs
  5 ball pythons
  4 bats
  6 giant cockroaches
  8 goblins
  8 hobgoblins
  16 jackals
  14 kobolds
  5 quokkas
  10 frilled lizards
  A leopard gecko skeleton (D:4)
  11 rats
159 creatures vanquished.

Notes
Turn   | Place    | Note
-------+----------+-------------------------------------------
     0 | D:1      | DerDa the Mummy Wizard began the quest for the Orb.
     0 | D:1      | Reached XP level 1. HP: 13/13 MP: 5/5
   105 | D:1      | Reached skill level 1 in Conjurations
   422 | D:1      | Reached XP level 2. HP: 19/19 MP: 5/7
  1164 | D:2      | Reached XP level 3. HP: 24/24 MP: 6/9
  1404 | D:2      | Learned a level 3 spell: Mephitic Cloud
  1407 | D:2      | Learned a level 2 spell: Blink
  1410 | D:2      | Learned a level 2 spell: Call Imp
  1434 | D:2      | Reached skill level 5 in Spellcasting
  1638 | D:2      | Found a hide-covered altar of Uskayaw.
  1645 | D:2      | Reached XP level 4. HP: 30/30 MP: 2/11
  1739 | D:2      | Noticed a +0 hand axe
  1739 | D:2      | Noticed a +0 dagger
  2589 | D:3      | Found a blossoming altar of Fedhas.
  3070 | D:3      | Reached XP level 5. HP: 35/35 MP: 8/13
  3985 | D:4      | Reached skill level 6 in Spellcasting
  4038 | D:4      | Noticed an ogre
  4054 | D:4      | Killed an ogre
  4190 | D:4      | Noticed a phantom
  4195 | D:4      | Reached XP level 6. HP: 27/41 MP: 4/15
  4290 | D:4      | Found a sacrificial altar of Ru.
  4761 | D:4      | Found a glowing golden altar of the Shining One.
  5134 | D:5      | Entered Level 5 of the Dungeon
  5238 | D:5      | Reached skill level 7 in Spellcasting
  5671 | D:5      | Noticed an ice beast
  5687 | D:5      | Killed an ice beast
  5687 | D:5      | Reached XP level 7. HP: 27/46 MP: 9/18
  5699 | D:5      | Found a glowing drain.
  5771 | Sewer    | Entered a sewer
  6134 | Sewer    | Reached skill level 8 in Spellcasting
  6599 | D:5      | Found a sparkling altar of Nemelex Xobeh.
  6870 | D:5      | Reached skill level 5 in Conjurations
  7189 | D:6      | Found a shimmering blue altar of Sif Muna.
  7192 | D:6      | Became a worshipper of Sif Muna the Loreminder
  7290 | D:6      | Reached XP level 8. HP: 42/52 MP: 7/20
  7378 | D:6      | Reached skill level 9 in Spellcasting
  7789 | D:6      | Found a snail-covered altar of Cheibriados.
  8067 | D:7      | Found an iron altar of Okawaru.
  8118 | D:7      | HP: 1/52 [ice beast (7)]
  8118 | D:7      | Slain by an ice beast

Illustrated notes

Levels and vault maps discovered:
D:1:      wander_arrival_peaceful_grave, layout_rooms,
          chequers_serial_rivers_micro_a, minmay_misc_feat_four_crosses,
          minmay_splitting_lines
D:2:      minmay_door_path, layout_rooms, dancing_weapons_uskayaw,
          grunt_ministairs_11, kennysheep_generic_room_7
D:3:      layout_basic, fedhas_ov_isle_minmay
D:4:      layout_rooms, kennysheep_mini, nicolae_ru_great_annihilating_truth,
          minmay_hedge_maze, minmay_misc_feat_rugged
D:5:      layout_basic, overflow_temple_1_default, first_ration,
          portal_sewer_entry_f, grunt_decor_resistance
D:6:      layout_rooms, lemuel_blue_sif_altar, cheibriados_altar_1
D:7:      layout_basic, zin_purify, temple_doors_e, basic_altar,
          grunt_ogre_cave, hangedman_decor_riveting, okawaru_trees_2,
          uniq_menkaure

Skill      XL: |  1  2  3  4  5  6  7  8 |
---------------+-------------------------+-----
Conjurations   | 1 2 3 4 5 6 |  6.2
Spellcasting   | 5 6 7 8 9 |  9.7
Dodging        | |  1.5
Stealth        | |  1.5
Summonings     | |  0.7
Translocations | |  0.7

Action                   |  1- 3 |  4- 6 |  7- 9 || total
-------------------------+-------+-------+-------++-------
Melee: Unarmed           |    17 |       |       ||    17
       Club              |     2 |       |       ||     2
       Short sword       |     4 |       |    11 ||    15
       Whip              |       |    31 |    32 ||    63
       Spear             |       |       |     2 ||     2
 Cast: Magic Dart        |    83 |   222 |   194 ||   499
       Mephitic Cloud    |       |     1 |     7 ||     8
       Call Imp          |       |       |     2 ||     2
  Use: Scroll            |       |     5 |     3 ||     8
 Stab: Confused          |       |       |     1 ||     1
Armor: Robe              |     3 |    20 |    16 ||    39
       Leather armour    |       |       |    10 ||    10
Dodge: Dodged            |    34 |    65 |    66 ||   165
